 Dungeon Crawl Stone Soup version 0.32-a0-361-g289a535e89 (webtiles) character file.

Game seed: 4222888956539802090

487 eruonna the Ruffian (level 6, -5/54 HPs)
             Began as a Troll Shapeshifter on Feb 19, 2024.
             Slain by Duvessa
             ... wielding a +0 short sword
              (13 damage)
             ... on level 4 of the Dungeon.
             The game lasted 00:12:13 (1942 turns).

eruonna the Ruffian (Troll Shapeshifter)            Turns: 1942, Time: 00:12:14

Health: -5/54      AC:  4    Str: 25    XL:     6   Next: 89%
Magic:  5/5        EV:  9    Int:  6    God:
Gold:   149        SH:  0    Dex:  9    Spells: 5/5 levels left

rFire   . .          .
                       - Unarmed
rCold   . . .        (no shield)
rNeg    . . .        a - +0 animal skin
rPois   .            (helmet currently unavailable)
rElec   .            (cloak currently unavailable)
rCorr   .            (gloves unavailable)
SInv    +            (boots unavailable)
Will    .....        (no amulet)
Stlth   +            q - ring of see invisible
HPRegen 1.09/turn    (no ring)
MPRegen 0.09/turn

%: no passive effects
@: beast-form
A: beast (slay +2), large, unfitting armour, claws 3, regeneration 1, shaggy fur
1, tough skin 1
a: Begin Untransformation


You were on level 4 of the Dungeon.
You were a hulking beast.
You visited 1 branch of the dungeon, and saw 5 of its levels.
You also visited: Sewer.

You collected 149 gold pieces.

Inventory:

Hand Weapons
 h - a +3 whip
 j - a +0 dagger of electrocution
Missiles
 k - 25 stones (quivered)
Armour
 a - a +0 animal skin (worn)
 n - a +0 troll leather armour {Pargi}
Jewellery
 q - a ring of see invisible (left claw)
Talismans
 c - a beast talisman (active)
 d - a flux talisman
 i - a storm talisman
Scrolls
 g - 4 scrolls of revelation
 m - a scroll of vulnerability {unknown}
 o - a scroll of fear {unknown}
 p - a scroll of enchant armour {unknown}
 r - a scroll of enchant weapon {unknown}
Potions
 b - a potion of lignification
 e - a potion of heal wounds {unknown}
 f - a potion of haste {unknown}
 l - a potion of curing


   Skills:
 - Level 0.7 Fighting
 - Level 1.5 Dodging
 - Level 7.0 Unarmed Combat
 + Level 4.4 Shapeshifting


You had 5 spell levels left.
You didn't know any spells.
Your spell library was empty.

Dungeon Overview and Level Annotations

Branches:
Dungeon (5/15)              Sewer (visited)
 Temple: D:4-7

Altars:
Hepliaklqana

Annotations:
D:4 Duvessa


Innate Abilities, Weirdness & Mutations

You are a hulking beast.
Your limbs bulge with bestial killing power. (Slay +2)
You are too large for most types of armour.
You have claws for hands.
Your natural rate of healing is unusually fast.
You are covered in fur. (AC +1)
You have tough skin. (AC +1)


Message History

You hear the hiss of flowing sand.
There is an entrance to an ossuary on this level.
Hurry and find it before the portal is buried!
Dowan shouts!
Found a stone staircase leading up.
There is a stone staircase leading down here.
Duvessa, Sister of Dowan comes into view.
She is wielding a +0 short sword.
Duvessa shouts!
You claw Dowan!
Dowan is severely wounded.
Dowan points at you and mumbles some strange words.
The puff of frost hits you.
You scratch Dowan.
Dowan is severely wounded.
Dowan casts a spell at Duvessa.
Duvessa seems to speed up.
You claw Dowan!
You kill Dowan!
Duvessa screams, "No!
How DARE you!"
Duvessa goes berserk!
Duvessa hits you with a +0 short sword! Duvessa barely misses you.
You barely miss Duvessa. Duvessa hits you with a +0 short sword!
Duvessa hits you with a +0 short sword!
Okay, then.
It was a potion of curing.
You feel better. Duvessa hits you with a +0 short sword!
* * * LOW HITPOINT WARNING * * *
Duvessa barely misses you.
Okay, then.
Duvessa closely misses you.
A ball python comes into view.
The ball python hisses angrily.
Duvessa attacks as she pursues you! Duvessa hits you with a +0 short sword.
* * * LOW HITPOINT WARNING * * *
A ball python comes into view.
The ball python hisses angrily.
Duvessa rages.
Duvessa attacks as she pursues you! Duvessa hits you with a +0 short sword!
* * * LOW HITPOINT WARNING * * *
Duvessa attacks as she pursues you! Duvessa hits you with a +0 short sword!
You die...

#..###...#... .
##..........# ..
##..>..).....#
...#.............
........#####<...
........## .⌠.
.........# ..
#..####e####.....
### #..h.......
#..........
....S........
#.............
............S..
...............
#######.......#
#.....##.


You could see Duvessa (berserk, fast) and 2 ball pythons.

Vanquished Creatures
  Pargi (Sewer)
  A brain worm (Sewer)
  Dowan (D:4)
  A jelly (Sewer)
  Natasha (thrice) (D:3)
  An adder (Sewer)
  A ribbon worm (D:3)
  4 orcs (D:3)
  9 endoplasms
  6 giant cockroaches
  14 goblins
  10 hobgoblins
  2 jackals (D:1)
  9 quokkas
  3 ball pythons
  6 bats (D:1)
  4 frilled lizards
  9 kobolds
  5 rats
90 creatures vanquished.

Notes
Turn   | Place    | Note
-------+----------+-------------------------------------------
     0 | D:1      | eruonna the Troll Shapeshifter began the quest for the Orb.
     0 | D:1      | Reached XP level 1. HP: 18/18 MP: 0/0
    67 | D:1      | Reached XP level 2. HP: 26/26 MP: 1/1
   131 | D:1      | Reached skill level 4 in Unarmed Combat
   183 | D:1      | Reached XP level 3. HP: 31/32 MP: 2/2
   766 | D:2      | Reached XP level 4. HP: 40/40 MP: 3/3
   843 | D:2      | Reached skill level 5 in Unarmed Combat
  1259 | D:3      | Found a glowing drain.
  1285 | Sewer    | Entered a sewer
  1316 | Sewer    | Noticed Pargi
  1320 | Sewer    | Killed Pargi
  1321 | Sewer    | Reached skill level 6 in Unarmed Combat
  1321 | Sewer    | Reached XP level 5. HP: 41/46 MP: 4/4
  1333 | Sewer    | Reached XP level 6. HP: 50/54 MP: 5/5
  1423 | Sewer    | Reached skill level 7 in Unarmed Combat
  1478 | D:3      | Noticed Natasha
  1485 | D:3      | Killed Natasha
  1705 | D:3      | Noticed Natasha
  1709 | D:3      | Killed Natasha
  1832 | D:3      | Noticed Natasha
  1836 | D:3      | Killed Natasha
  1888 | D:3      | You fall into a shaft and drop 2 floors!
  1888 | D:5      | Entered Level 5 of the Dungeon
  1903 | D:5      | Found a hazy altar of Hepliaklqana.
  1927 | D:4      | Noticed Dowan
  1929 | D:4      | Noticed Duvessa
  1933 | D:4      | Killed Dowan
  1942 | D:4      | Slain by Duvessa

Illustrated notes

Levels and vault maps discovered:
D:1:      saegor_arrival_simple_a, layout_rooms
D:2:      layout_basic, minmay_statues_item
D:3:      cheibrodos_greedy_goblins, layout_basic, portal_sewer_entry_f,
          minmay_goblin_outpost, uniq_natasha
D:4:      layout_cave_pools, temple_fountains, enter_ossuary_3, hex_large,
          kennysheep_generic_room_11, uniq_duvessa
D:5:      layout_loops_cross, amethyst_overflow_temple_binary,
          lemuel_doored_altar, uniq_eustachio, uniq_menkaure

Skill      XL: |  1  2  3  4  5  6 |
---------------+-------------------+-----
Unarmed Combat | 4 6 7 |  7.0
Shapeshifting  | 4 |  4.4
Fighting       | |  0.7
Dodging        | |  1.5

Action                     |  1- 3 |  4- 6 || total
---------------------------+-------+-------++-------
  Melee: Unarmed           |    78 |   109 ||   187
         Punch             |       |     3 ||     3
    Use: Scroll            |     3 |     1 ||     4
         Potion            |       |     1 ||     1
   Stab: Sleeping          |     2 |       ||     2
 Armour: Animal skin       |    36 |    59 ||    95
  Dodge: Dodged            |    26 |    36 ||    62

Table legend: (Time is in decaauts)
 A = Elapsed time spent in this place.
 B = Non-inter-level travel time spent in this place.
 C = Inter-level travel time spent in this place.
 D = Time resting spent in this place.
 E = Time spent auto-exploring this place.
 F = Levels seen in this place.
 G = Mean time per level.
                   A        B        C        D        E       F      G
               +--------+--------+--------+--------+--------+-----+--------+
         Total |   1927 |   1897 |     30 |     48 |   1133 |   6 |  321.2 |
       Dungeon |   1761 |   1731 |     30 |     35 |   1131 |   5 |  352.2 |
         Sewer |    165 |    165 |      0 |     13 |      2 |   1 |  165.0 |
               +--------+--------+--------+--------+--------+-----+--------+

Top non-repeatable levels by time:
     D:2: 726 daAuts
     D:1: 493 daAuts
     D:3: 488 daAuts
   Sewer: 165 daAuts
     D:5: 38 daAuts
     D:4: 14 daAuts
